 Dungeon Crawl Stone Soup version 0.30.1-11-g7821555f0a (webtiles) character file.

Game seed: 4772327394618318199

12 ChrisAssaf the Caller (level 2, -7/22 HPs)
             Began as a Draconian Summoner on Jan 6, 2024.
             Mangled by Sigmund
             ... wielding a +0 scythe
              (8 damage)
             ... on level 2 of the Dungeon.
             The game lasted 00:02:30 (674 turns).

ChrisAssaf the Caller (Draconian Summoner)           Turns: 674, Time: 00:02:30

Health: -7/22      AC:  4    Str: 10    XL:     2   Next: 20%
Magic:  4/5        EV: 12    Int: 15    God:
Gold:   33         SH:  0    Dex: 11    Spells: 2/5 levels left

rFire   . . .        a - +0 dagger
rCold   . . .        (no shield)
rNeg    . . .        (body armour unavailable)
rPois   .            (helmet restricted)
rElec   .            (no cloak)
rCorr   .            (no gloves)
SInv    .            (no boots)
Will    .....        (no amulet)
Stlth   ++           (no ring)
HPRegen 0.23/turn    (no ring)
MPRegen 0.09/turn

%: no passive effects
@: no status effects
A: AC +4, unfitting armour, cold-blooded
a: no special abilities


You were on level 2 of the Dungeon.
You visited 1 branch of the dungeon, and saw 2 of its levels.

You collected 33 gold pieces.

Inventory:

Hand Weapons
 a - a +0 dagger (weapon)


   Skills:
 * Level 0.5 Fighting
 * Level 1.8 Dodging
 * Level 1.9 Stealth
 * Level 2.1 Spellcasting
 * Level 4.3 Summonings


You had 2 spell levels left.
You knew the following spells:

 Your Spells              Type           Power      Damage    Failure   Level
a - Summon Small Mammal   Summ           56%        N/A       3%          1
b - Call Imp              Summ           28%        N/A       5%          2

Your spell library contained the following spells:

 Spells                   Type           Power      Damage    Failure   Level
 Call Canine Familiar     Summ           14%        N/A       11%         3
 Summon Guardian Golem    Hex/Summ       8%         N/A       26%         3
 Ignite Poison            Fire/Tmut/Pois 1%         N/A       54%         3
 Summon Lightning Spire   Summ/Air       8%         N/A       65%         4
 Sticky Flame             Conj/Fire      1%         2d3       91%         4
 Ignition                 Fire           0%         3d3       100%        8


Dungeon Overview and Level Annotations

Branches:
Dungeon (2/15)

Altars:

Annotations:
D:2 Sigmund


Innate Abilities, Weirdness & Mutations

Your plain brown scales are hard. (AC +4)
You cannot fit into any form of body armour.
You are cold-blooded and may be slowed by cold attacks.


Message History

Sigmund mumbles some strange words.
Sigmund flickers and vanishes!
Deactivating autopickup; reactivate with Ctrl-A.
You swap places.
A magic dart appears from out of thin air!
The magic dart hits you.
A puff of flame appears from out of thin air!
The puff of flame hits your cerulean imp!
You hear some strange, mumbled words.
Your cerulean imp easily resists.
You hear some strange, mumbled words.
You are confused.
Are you sure you want to stumble around while confused and next to your cerulean imp? [Y]es or [N]o only, please.
Are you sure you want to stumble around while confused and next to your cerulean imp?
Okay, then.
You hear some strange, mumbled words.
A puff of flame appears from out of thin air!
The puff of flame hits you. Something hits you!
* * * LOW HITPOINT WARNING * * *
Are you sure you want to stumble around while confused and next to your cerulean imp?
Okay, then.
It was a potion of cancellation.
Your magical effects are unravelling.
You feel magically purged.
You feel less confused.
It was a potion of might.
You feel very mighty all of a sudden.
You hear some strange, mumbled words.
You are confused.
Are you sure you want to stumble around while confused and next to your cerulean imp?
Okay, then.
Something hits you.
* * * LOW HITPOINT WARNING * * *
Your magical effects are unravelling.
You feel magically purged.
You feel less confused.
You feel a little less mighty now. Something hits you!
You die...

####. ##.#.# #....#
#...<#
#.....####.##.#
#.....#....##.# #
#.....#.#####.#>###
####..#....##.#...#
#..####.#......#
#...............
####...5@.....##
#.#.#....####
#...{........
#.#.#..######
#............
##....#..####
##...#.....
#...#......
#..........


You could see a friendly cerulean imp (summoned).

Vanquished Creatures
  A giant cockroach (D:1)
  A hobgoblin (D:2)
  A jackal (D:1)
  A frilled lizard (D:1)
  A kobold (D:1)
5 creatures vanquished.

Vanquished Creatures (collateral kills)
  A dart slug (D:1)
  A ball python (D:1)
  A jackal (D:1)
  A frilled lizard (D:1)
  A kobold (D:1)
5 creatures vanquished.

Grand Total: 10 creatures vanquished

Notes
Turn   | Place    | Note
-------+----------+-------------------------------------------
     0 | D:1      | ChrisAssaf the Draconian Summoner began the quest for the
                  | Orb.
     0 | D:1      | Reached XP level 1. HP: 14/14 MP: 3/3
   441 | D:1      | Reached XP level 2. HP: 22/22 MP: 0/5
   459 | D:1      | Learned a level 2 spell: Call Imp
   653 | D:2      | Noticed Sigmund
   673 | D:2      | HP: 1/22 [something (4)]
   674 | D:2      | Mangled by Sigmund

Illustrated notes

Levels and vault maps discovered:
D:1:      giann_wishing_wells, layout_loops_corners, minivault_24,
          kennysheep_boxes
D:2:      layout_basic, serial_co_window_serial, co_window_paths_a,
          co_window_of_opportunity_a, co_window_paths_b,
          co_window_of_opportunity_a, co_window_paths_a, co_window_paths_a,
          co_window_corner_b, co_window_broadway_c, co_window_broadway_c,
          co_window_broadway_b, glass_columns_c, glass_columns_a,
          glass_columns_a, glass_columns_c, uniq_terence, uniq_sigmund

Action                     || total
---------------------------++-------
  Melee: Unarmed           ||     7
         Dagger            ||    22
         Tailslap          ||     2
   Cast: Summon Small Mamm ||    14
         Call Imp          ||     2
    Use: Potion            ||     4
   Stab: Distracted        ||     1
 Armour: Skin              ||     8
  Dodge: Dodged            ||    27
